 Dungeon Crawl Stone Soup version 0.29-a0-553-g81b289dbe5 (webtiles) character file.

Game seed: 10600042353199495625

94775 Querens the Peltast (level 16, -10/135 (136) HPs)
             Began as a Formicid Fighter on June 7, 2022.
             Was the Champion of Okawaru.
             Blown up by an orb spider (48 damage)
             ... with an orb of destruction
             ... on level 3 of the Spider Nest.
             The game lasted 01:16:57 (15022 turns).

Querens the Peltast (Formicid Fighter)             Turns: 15022, Time: 01:16:57

HP:   -10/135 (136) AC: 47    Str: 31    XL:     16   Next: 61%
MP:   0/31          EV:  8    Int:  6    God:    Okawaru [******]
Gold: 1201          SH: 23    Dex:  9    Spells: 15/15 levels left

rFire   + . .      SeeInvis +   D - +2 battleaxe (freeze)
rCold   + + .      Faith    .   V - +2 tower shield "Beduulor" {Dex+2}
rNeg    . . .      Spirit   +   L - +2 crystal plate armour {rC+}
rPois   +          Reflect  .   (helmet unavailable)
rElec   .          Harm     .   M - +2 cloak {Stlth+}
rCorr   +          Rampage  .   R - +1 pair of gloves "Duongan" {rC+ MP+9 Str+2}
Will    +....                   s - +2 pair of boots
Stlth   ..........              O - amulet "Cosizax" {Spirit rPois rF+ rCorr Dex-3}
HPRegen 0.32/turn               T - ring "Apoilur" {AC+4 Str+2 Int-4 SInv}
MPRegen 0.22/turn               q - +4 ring of protection

@: heroic, finesse-ful, lightly drained
A: permanent stasis, dig shafts and tunnels, antennae 3, four strong arms, low
MP 1
a: Dig, Shaft Self, Renounce Religion, Heroism, Finesse, Duel


You were on level 3 of the Spider Nest.
You worshipped Okawaru.
Okawaru was exalted by your worship.
You visited 5 branches of the dungeon, and saw 24 of its levels.
You also visited: Ice Cave.

You collected 2260 gold pieces.
You spent 1059 gold pieces at shops.

Inventory:

Hand Weapons
 r - the +10 glaive of Pyromania {vorpal, rCorr}
   (You found it on level 6 of the Lair of Beasts)

   It inflicts extra damage upon your enemies.
   rCorr:     It protects you from acid and corrosion.
 y - a +5 war axe of flaming
 D - a +2 battleaxe of freezing (weapon)
Armour
 s - a +2 pair of boots (worn)
 I - the +4 moon troll leather armour {Spirit, Regen++ MP+5}
   (You found it on level 11 of the Dungeon)

   MP:        It affects your magic capacity (+5).
   Regen:     It increases your rate of health regeneration.
 L - a +2 crystal plate armour of cold resistance (worn)
 M - a +2 cloak of stealth (worn)
 R - the +1 pair of gloves "Duongan" (worn) {rC+ MP+9 Str+2}
   (Okawaru gifted it to you on level 4 of the Lair of Beasts)

   Str:       It affects your strength (+2).
   rC:        It protects you from cold.
   MP:        It affects your magic capacity (+9).
 U - a scarf of resistance
 V - the +2 tower shield "Beduulor" (worn) {Dex+2}
   (Okawaru gifted it to you on level 2 of the Spider Nest)

   Dex:       It affects your dexterity (+2).
Jewellery
 b - a ring of fire
 e - an amulet of reflection
 g - a ring of resist corrosion
 n - a ring of fire
 q - a +4 ring of protection (right hand)
 v - a ring of protection from cold
 O - the amulet "Cosizax" (around neck) {Spirit rPois rF+ rCorr Dex-3}
   (You bought it in a shop on level 2 of the Orcish Mines)

   [amulet of guardian spirit]

   It causes incoming damage to be divided between your reserves of health and
   magic.
   Dex:       It affects your dexterity (-3).
   rF:        It protects you from fire.
   rPois:     It protects you from poison.
   rCorr:     It protects you from acid and corrosion.
 Q - a ring of protection from cold
 T - the ring "Apoilur" (left hand) {AC+4 Str+2 Int-4 SInv}
   (You found it on level 4 of the Lair of Beasts)

   [ring of protection]

   AC:        It affects your AC (+4).
   Str:       It affects your strength (+2).
   Int:       It affects your intelligence (-4).
   SInv:      It lets you see invisible.
Wands
 o - a wand of flame (35)
 u - a wand of polymorph (10)
 C - a wand of paralysis (8)
 J - a wand of iceblast (25)
 S - a wand of mindburst (5)
Scrolls
 f - a scroll of summoning
 h - a scroll of silence
 j - 5 scrolls of amnesia
 l - 5 scrolls of fear
 m - 6 scrolls of fog
 t - 5 scrolls of enchant weapon
 x - 2 scrolls of magic mapping
 z - 3 scrolls of enchant armour
 B - a scroll of poison
 H - 2 scrolls of immolation
 K - a scroll of identify
Potions
 a - 6 potions of lignification
 c - 2 potions of invisibility
 d - 2 potions of might
 i - 2 potions of magic
 k - 3 potions of attraction
 p - 4 potions of brilliance
 w - 2 potions of resistance
 A - 3 potions of curing
 E - 3 potions of heal wounds
 F - 4 potions of flight
 N - 2 potions of mutation
 P - 2 potions of ambrosia
Miscellaneous
 G - a lightning rod (4/4)


   Skills:
 + Level 15.0(20.0) Fighting
 + Level 13.7(18.7) Axes
 + Level 15.0(20.0) Armour
 + Level 17.7(22.7) Shields
 - Level 12.0 Invocations


You had 15 spell levels left.
You didn't know any spells.
Your spell library contained the following spells:

 Spells                   Type           Power      Damage    Failure   Level
 Apportation              Tloc           0%         N/A       100%        1
 Sublimation of Blood     Necr           0%         N/A       100%        2
 Ignite Poison            Fire/Tmut/Pois 0%         N/A       100%        3
 Mephitic Cloud           Conj/Pois/Air  0%         N/A       100%        3
 Ozocubu's Armour         Ice            0%         N/A       100%        3
 Portal Projectile        Hex/Tloc       0%         N/A       100%        3
 Cause Fear               Hex            0%         N/A       100%        4
 Hailstorm                Conj/Ice       0%         3d3       100%        4
 Ice Form                 Ice/Tmut       0%         N/A       100%        4
 Leda's Liquefaction      Hex/Erth       0%         N/A       100%        4
 Petrify                  Tmut/Erth      0%         N/A       100%        4
 Alistair's Intoxication  Tmut/Pois      0%         N/A       100%        5
 Borgnjor's Vile Clutch   Necr/Erth      0%         N/A       100%        5
 Freezing Cloud           Conj/Ice/Air   0%         6-21      100%        5
 Irradiate                Conj/Tmut      0%         3d13      100%        5
 Metabolic Englaciation   Hex/Ice        0%         N/A       100%        5
 Eringya's Noxious Bog    Tmut/Pois      0%         N/A       100%        6
 Dragon Form              Tmut           0%         N/A       100%        7
 Summon Small Mammal      Summ           Unusable   N/A       N/A         1
 Call Canine Familiar     Summ           Unusable   N/A       N/A         3
 Summon Guardian Golem    Hex/Summ       Unusable   N/A       N/A         3
 Simulacrum               Ice/Necr       Unusable   N/A       N/A         6
 Dragon's Call            Summ           Unusable   N/A       N/A         9

Dungeon Overview and Level Annotations

Branches:
Dungeon (11/15)            Temple (1/1) D:7            Lair (6/6) D:11
  Swamp (0/4) Lair:4       Spider (4/4) Lair:4        Slime (0/5) Lair:6
    Orc (2/2) D:11            Elf (0/3) Orc:2         IceCv (visited)

Altars:
Ashenzari
Cheibriados
Dithmenos
Elyvilon
Fedhas
Gozag
Hepliaklqana
Kikubaaqudgha
Makhleb
Nemelex Xobeh
Okawaru
Qazlal
Ru
Sif Muna
Trog
Uskayaw
Vehumet
Wu Jian
Xom
Yredelemnul
Zin
The Shining One
Beogh
Jiyva
Lugonu

Shops:
D:3 (   D:6 ?   Orc:2 =*:[

Portals:
Abyss: D:11 Lair:6


Innate Abilities, Weirdness & Mutations

You cannot be hasted, slowed, berserked, paralysed or teleported.
You can dig through walls and to a lower floor.
You have a pair of large antennae on your head. (SInv)
Your four strong arms can wield two-handed weapons with a shield.
Your magical capacity is low. (-10% MP)


Message History

A redback and an orb spider come into view.
The orb spider hisses angrily.
The jumping spider leaps!
The jumping spider leaps!
You block the wolf spider's attack. x2
You hit the wolf spider. You freeze the wolf spider.
The wolf spider is lightly wounded.
You block the wolf spider's attack. x2
You slice the wolf spider!! You freeze the wolf spider.
The wolf spider is heavily wounded.
You completely miss the wolf spider.
The wolf spider is heavily wounded.
You slice the jumping spider like a ripe choko!!!
You freeze the jumping spider.
You kill the jumping spider!
Okawaru accepts your kill.
You closely miss the wolf spider.
The orb spider pulsates with a strange energy.
You slice the wolf spider!! You freeze the wolf spider.
The wolf spider is almost dead.
You block the wolf spider's attack. x2
You block the wolf spider's attack. x2; The jumping spider leaps!
You block the wolf spider's attack.
The wolf spider bites you but does no damage.
You slash the wolf spider! You freeze the wolf spider.
You kill the wolf spider!
Okawaru accepts your kill.
You slice the redback!! You freeze the redback.
You kill the redback!
Okawaru accepts your kill.
The orb spider spins a strand of pure energy.
The orb spider weaves a glowing orb of energy.
An orb of destruction comes into view.
The orb spider spins a strand of pure energy.
The jumping spider leaps! x2
The orb spider weaves a glowing orb of energy.
An orb of destruction comes into view.
The orb spider weaves a glowing orb of energy.
An orb of destruction comes into view.
The orb of destruction hits you!!!
You die...

............###........#.####....
............# ###........##..^...
...........^######>....#.........
#..........###.###.######^.......
#.........###...^..### #.........
.........###........####........
#.........#...........####......
.......##............## ###....
......# ##..##.@○○°*s## ##.....
##....######..#.#####s†####....##
..#...#.....#....## #....#.......
...............##.###.s..........
.................#.##............
..................##...#..)......
......#.............#.###........
.....##.............### #........
.....##............### #........


You could see 2 orb spiders.

Vanquished Creatures
  3 ghost moths
  Aizul (Spider:1)
  An orc warlord (Orc:2)
  A reaper (IceCv)
  2 entropy weavers (Spider:2)
  The ghost of Giocatum the Spear-Bearer, a journeyman DsBe of Trog (Lair:4)
  3 spark wasps (Spider:3)
  The ghost of Emifonlual the Unseen, a journeyman SpEn of Dithmenos (Lair:4)
  2 boulder beetles
  2 hydras
  2 jorogumos
  Erica (D:8)
  2 two-headed ogres
  2 radroaches
  3 orc high priests (Orc:2)
  6 death yaks
  Urug (Lair:1)
  3 thrashing horrors (Lair:6)
  A sun moth (Spider:1)
  3 orb spiders
  4 pharaoh ants
  A bog body (Lair:4)
  3 steelbarb worms
  A lindwurm (Lair:4)
  12 wolf spiders
  4 orc knights (Orc:2)
  4 orc sorcerers (Orc:2)
  An ugly thing (Lair:6)
  8 elephants
  An ice statue (IceCv)
  A moth of wrath (Spider:3)
  3 smoke demons (Lair:6)
  3 black mambas
  Maurice (D:8)
  4 torpor snails
  3 gargoyles (D:11)
  12 cane toads
  2 unseen horrors
  Psyche (D:8)
  4 rime drakes
  9 komodo dragons
  A freezing wraith (IceCv)
  2 entropy weaver simulacra (IceCv)
  8 demonic crawlers
  4 ancient zymes (Lair:6)
  3 trolls
  4 meliai
  5 polar bears
  A hornet (D:10)
  12 tarantellas
  12 dream sheep
  16 blink frogs
  11 culicivoras
  15 jumping spiders
  2 wraiths
  4 wyverns
  A yak (shapeshifter) (Lair:6)
  Eustachio (D:4)
  26 yaks
  2 ynoxinuls (Lair:6)
  26 redbacks
  3 steam dragons
  6 basilisks
  2 death yak simulacra (IceCv)
  4 swamp worms (Lair:4)
  2 wargs
  A harpy simulacrum (IceCv)
  13 water moccasins
  19 orc warriors
  A large abomination (Lair:6)
  2 ice beasts
  3 sky beasts
  4 black bears
  18 wolves
  6 ogres
  2 centaurs
  2 phantoms
  13 bullfrogs
  2 gnoll sergeants
  3 kobold brigands
  A cane toad simulacrum (IceCv)
  A necrophage (D:6)
  4 two-headed ogre simulacra (IceCv)
  2 scorpions (D:5)
  13 wights
  12 killer bees
  An electric eel (Lair:4)
  5 howler monkeys
  A crimson imp (D:6)
  A jelly (D:7)
  5 hounds
  24 orc priests
  4 iguanas
  17 orc wizards
  7 troll simulacra (IceCv)
  6 hell rats (Lair:6)
  4 spriggan simulacra (IceCv)
  A polar bear simulacrum (IceCv)
  6 wolf simulacra (IceCv)
  11 small abominations (Lair:6)
  6 gnolls
  6 naga simulacra (IceCv)
  A river rat (D:11)
  14 adders
  5 shadow imps
  13 white imps
  5 ufetubi
  3 worms
  A dart slug (D:2)
  59 orcs
  4 ball pythons
  4 bats
  2 endoplasms (D:2)
  8 giant cockroaches
  5 goblins
  6 hobgoblins
  2 jackals (D:3)
  A quokka (D:11)
  6 frilled lizards
  18 kobolds
  4 rats
  A spectral hobgoblin (D:7)
  A butterfly (Lair:5)
686 creatures vanquished.

Vanquished Creatures (others)
  A culicivora (Spider:2)
  2 orc wizards
  2 orcs (D:8)
  9 fungi
  A lurking horror (D:11)
  12 plants
27 creatures vanquished.

Grand Total: 713 creatures vanquished

Notes
Turn   | Place    | Note
-------+----------+-------------------------------------------
     0 | D:1      | Querens the Formicid Fighter began the quest for the Orb.
     0 | D:1      | Reached XP level 1. HP: 18/18 MP: 1/1
   274 | D:1      | Reached XP level 2. HP: 24/24 MP: 2/2
   351 | D:1      | Found a faded altar of an unknown god.
   710 | D:2      | Reached XP level 3. HP: 29/29 MP: 3/3
   828 | D:2      | Reached XP level 4. HP: 30/37 MP: 4/4
   932 | D:2      | Found a radiant altar of Vehumet.
  1610 | D:3      | Found Jinorada's Weapon Shop.
  1627 | D:3      | Reached XP level 5. HP: 42/42 MP: 5/5
  1910 | D:4      | Reached skill level 5 in Shields
  2001 | D:4      | Reached XP level 6. HP: 43/49 MP: 6/6
  2187 | D:4      | Noticed Eustachio
  2202 | D:4      | Killed Eustachio
  2203 | D:4      | Reached skill level 5 in Fighting
  2203 | D:4      | Reached skill level 5 in Armour
  2203 | D:4      | Reached skill level 6 in Shields
  2203 | D:4      | Reached XP level 7. HP: 47/56 MP: 7/7
  2486 | D:5      | Entered Level 5 of the Dungeon
  2622 | D:5      | Reached XP level 8. HP: 52/64 MP: 8/8
  2635 | D:5      | Found a sacrificial altar of Ru.
  2665 | D:5      | Reached skill level 7 in Shields
  2763 | D:5      | Reached skill level 5 in Axes
  2884 | D:5      | Noticed a wraith
  2917 | D:5      | Killed a wraith
  2918 | D:5      | Reached XP level 9. HP: 27/71 MP: 9/9
  2993 | D:6      | Reached skill level 8 in Shields
  3007 | D:6      | Found Letivaw's Magic Scroll Emporium.
  3475 | D:6      | Found a bloodstained altar of Trog.
  3762 | D:6      | Found a burning altar of Makhleb.
  4054 | D:6      | Bought a scroll of magic mapping for 45 gold pieces
  4054 | D:6      | Bought a scroll of identify for 26 gold pieces
  4054 | D:6      | Bought a scroll of identify for 26 gold pieces
  4162 | D:7      | Reached skill level 9 in Shields
  4177 | D:7      | Found a hazy altar of Hepliaklqana.
  4290 | D:7      | Found a staircase to the Ecumenical Temple.
  4302 | Temple   | Entered the Ecumenical Temple
  4384 | Temple   | Became a worshipper of Warmaster Okawaru
  4834 | D:7      | Reached XP level 10. HP: 80/80 MP: 10/10
  4901 | D:8      | Noticed Maurice
  4927 | D:8      | Reached skill level 1 in Invocations
  4946 | D:8      | Killed Maurice
  4946 | D:8      | Reached * piety under Okawaru
  5220 | D:8      | Reached skill level 10 in Shields
  5397 | D:8      | Noticed Erica
  5409 | D:8      | Killed Erica
  5409 | D:8      | Reached ** piety under Okawaru
  5438 | D:8      | Noticed Psyche
  5461 | D:8      | Killed Psyche
  5769 | D:9      | Reached XP level 11. HP: 68/89 MP: 14/14
  6045 | D:9      | Noticed a two-headed ogre
  6054 | D:9      | Killed a two-headed ogre
  6054 | D:9      | Reached *** piety under Okawaru
  6147 | D:9      | Reached skill level 5 in Invocations
  6225 | D:10     | Entered Level 10 of the Dungeon
  6243 | D:10     | Reached skill level 11 in Shields
  6397 | D:10     | Noticed a two-headed ogre
  6404 | D:10     | Reached **** piety under Okawaru
  6409 | D:10     | Killed a two-headed ogre
  6810 | D:11     | Noticed a boulder beetle
  6825 | D:11     | Killed a boulder beetle
  6825 | D:11     | Reached ***** piety under Okawaru
  6883 | D:11     | Noticed a death yak
  6883 | D:11     | Noticed a death yak
  6949 | D:11     | Reached skill level 10 in Fighting
  6949 | D:11     | Reached skill level 10 in Armour
  6976 | D:11     | Found a staircase to the Orcish Mines.
  7102 | D:11     | Found the +4 moon troll leather armour {Spirit, Regen++
                  | MP+5}
  7105 | D:11     | Found a one-way gate to the infinite horrors of the Abyss.
  7107 | D:11     | Found a corrupted altar of Lugonu.
  7208 | D:11     | Noticed a death yak
  7214 | D:11     | Reached XP level 12. HP: 97/97 MP: 16/17
  7214 | D:11     | Killed a death yak
  7215 | D:11     | Reached skill level 12 in Shields
  7220 | D:11     | Killed a death yak
  7220 | D:11     | Received a gift from Okawaru
  7223 | D:11     | Killed a death yak
  7276 | D:11     | Found a staircase to the Lair.
  7357 | Orc:1    | Entered Level 1 of the Orcish Mines
  7614 | Orc:2    | Entered Level 2 of the Orcish Mines
  7622 | Orc:2    | Noticed an orc warlord
  7706 | Orc:2    | Killed an orc warlord
  7745 | Orc:2    | Found a staircase to the Elven Halls.
  7759 | Orc:1    | Found a frozen archway.
  7778 | IceCv    | Entered an ice cave
  8108 | IceCv    | Received a gift from Okawaru
  8148 | IceCv    | Reached ****** piety under Okawaru
  8170 | IceCv    | Reached skill level 13 in Shields
  8221 | IceCv    | Noticed a reaper
  8238 | IceCv    | Killed a reaper
  8239 | IceCv    | Reached skill level 10 in Axes
  8245 | IceCv    | Reached XP level 13. HP: 58/106 MP: 5/19
  8811 | Orc:2    | Found Icijil's Antique Armour Shoppe.
  8811 | Orc:2    | Found Verum's Jewellery Shoppe.
  8820 | Orc:2    | Found Burigam's Book Shop.
  8828 | Orc:2    | Found Veziunti's Assorted Antiques.
  8865 | Orc:2    | Bought a glowing cloak for 180 gold pieces
  8865 | Orc:2    | Bought a potion of curing for 72 gold pieces
  8865 | Orc:2    | Bought a scroll labelled CAECVU VODURCH for 24 gold pieces
  8865 | Orc:2    | Bought a fuming brown potion for 21 gold pieces
  8869 | Orc:2    | Bought the amulet "Cosizax" {Spirit rPois rF+ rCorr Dex-3}
                  | for 665 gold pieces
  8996 | Lair:1   | Entered Level 1 of the Lair of Beasts
  9108 | Lair:1   | Received a gift from Okawaru
  9258 | Lair:1   | Noticed Urug
  9269 | Lair:1   | Killed Urug
  9270 | Lair:1   | Reached skill level 14 in Shields
  9587 | Lair:2   | Reached skill level 10 in Invocations
 10009 | Lair:3   | Received a gift from Okawaru
 10021 | Lair:3   | Reached XP level 14. HP: 115/115 MP: 21/21
 10702 | Lair:4   | Found a staircase to the Swamp.
 10866 | Lair:4   | Found a hole to the Spider Nest.
 10872 | Lair:4   | Identified the +1 pair of gloves "Duongan" {rC+ MP+9 Str+2}
                  | (Okawaru gifted it to you on level 4 of the Lair of Beasts)
 10872 | Lair:4   | Received a gift from Okawaru
 10938 | Lair:4   | Found a runed translucent gate.
 10938 | Lair:4   | Found a runed translucent gate.
 10938 | Lair:4   | Found a runed translucent gate.
 11042 | Lair:4   | Reached skill level 15 in Shields
 11097 | Lair:4   | Noticed Emifonlual's ghost (journeyman SpEn)
 11097 | Lair:4   | Noticed Giocatum's ghost (journeyman DsBe)
 11132 | Lair:4   | Killed Emifonlual's ghost
 11137 | Lair:4   | Killed Giocatum's ghost
 11142 | Lair:4   | Identified the ring "Apoilur" {AC+4 Str+2 Int-4 SInv}
 11566 | Lair:6   | Entered Level 6 of the Lair of Beasts
 11609 | Lair:6   | Found a viscous altar of Jiyva.
 11609 | Lair:6   | Found a staircase to the Slime Pits.
 11908 | Lair:6   | Reached XP level 15. HP: 119/124 MP: 23/23
 11972 | Lair:6   | Found a corrupted altar of Lugonu.
 11990 | Lair:6   | Identified the +10 glaive of Pyromania {vorpal, rCorr}
 12061 | Lair:6   | Received a gift from Okawaru
 12286 | Lair:6   | Reached skill level 16 in Shields
 12539 | Spider:1 | Entered Level 1 of the Spider Nest
 12594 | Spider:1 | Received a gift from Okawaru
 12641 | Spider:1 | Identified the +6 hand axe of Cheese {vorpal, *Corrode
                  | rElec rPois Dex+5} (Okawaru gifted it to you on level 1 of
                  | the Spider Nest)
 12641 | Spider:1 | Received a gift from Okawaru
 12658 | Spider:1 | Noticed Aizul
 12694 | Spider:1 | Killed Aizul
 13188 | Spider:2 | Noticed a ghost moth
 13199 | Spider:2 | Killed a ghost moth
 13373 | Spider:2 | Identified the +2 tower shield "Beduulor" {Dex+2} (Okawaru
                  | gifted it to you on level 2 of the Spider Nest)
 13373 | Spider:2 | Received a gift from Okawaru
 13475 | Spider:2 | Reached XP level 16. HP: 70/134 MP: 23/25
 13700 | Spider:2 | Reached skill level 17 in Shields
 14110 | Spider:3 | Gained mutation: Your magical capacity is low. (-10% MP)
                  | [mutagenic glow]
 14799 | Spider:3 | Received a gift from Okawaru
 14799 | Spider:3 | Found the +7 Kryia's mail coat {PotionHeal*2 rC+}
 14973 | Spider:4 | Entered Level 4 of the Spider Nest
 14985 | Spider:4 | Reached skill level 15 in Fighting
 14985 | Spider:4 | Reached skill level 15 in Armour
 15022 | Spider:3 | Blown up by an orb spider

Illustrated notes

Levels and vault maps discovered:
D:1:      dpeg_arrival_brainrot, layout_basic,
          shapermc_ecumenical_altar_notcrosses
D:2:      layout_loops_cross, basic_altar
D:3:      layout_loops_corners, serial_shops, shop, minmay_misc_feat_x
D:4:      layout_loops_ring, minmay_crystal_room, minivault_19, uniq_eustachio
D:5:      minmay_chambers_of_fours, layout_cave_pools, kennysheep_little_box
D:6:      layout_layer_cave, overflow_temple_1_default, makhleb_grotto_becter,
          serial_shops, nicolae_take_the_stairs, hangedman_abyss_or_decor_stabs,
          chequers_arboretum, minivault_19
D:7:      nicolae_cairo_tiling_large, layout_gridville,
          nicolae_hepliaklqana_monster_ancestors,
          minmay_temple_entry_proselytizer
D:8:      kennysheep_ambush_hall, layout_basic, uniq_psyche, uniq_maurice,
          uniq_erica
D:9:      layout_stronghold
D:10:     layout_loops_ring
D:11:     layout_rooms, dpeg_lair_monsters, orc_0_dummy,
          amcnicky_altar_lugonu_corruption
Temple:   dpeg_five_rooms_temple
Lair:1:   layout_gridlike, st_stairs_3, infiniplex_staircase_pool_2, uniq_urug
Lair:2:   layout_gridlike
Lair:3:   layout_loops_ring
Lair:4:   layout_regular_city, nicolae_swamp_entry_splash_gauntlet,
          hellmonk_spider_entry_not_the_bees, gammafunk_ghost_cemetery,
          grunt_megastairs_4
Lair:5:   layout_big_grid, lemuel_fruit_fields
Lair:6:   hellmonk_lair_end_abyssal_woods, layout_cellular_growth, slime_altar_1
Spider:1: layout_spider_delve, drop_trap, uniq_aizul
Spider:2: layout_spider_delve, drop_trap, nicolae_spider_orb_run
Spider:3: layout_chambers, hellmonk_test_site
Spider:4: johnstein_spider_rune_arachne_lair, special_room [special_room_bee]
Orc:1:    layout_caves, basic_altar, portal_ice_cave_rime
Orc:2:    st_orc_elflike, layout_caves

Skill      XL: |  1  2  3  4  5  6  7  8  9 10 11 12 13 14 15 16 |
---------------+-------------------------------------------------+-----
Fighting       | 4 5 6 7 9 10 11 12 13 14 15 | 15.0
Armour         | 4 5 6 7 9 10 11 12 13 14 15 | 15.0
Axes           | 3 4 5 6 7 9 10 11 12 13 | 13.7
Shields        | 5 6 7 9 10 11 13 14 15 16 17 | 17.7
Invocations    | 4 6 8 10 11 12 | 12.0

Action                   |  1- 3 |  4- 6 |  7- 9 | 10-12 | 13-15 | 16-18 || total
-------------------------+-------+-------+-------+-------+-------+-------++-------
Melee: War axe           |    75 |   115 |       |       |     9 |       ||   199
       Battleaxe         |       |    14 |   205 |   481 |   974 |   229 ||  1903
       Unarmed           |       |       |       |     1 |       |       ||     1
Invok: Heroism           |       |       |       |    10 |    15 |     5 ||    30
       Finesse           |       |       |       |     1 |     5 |     1 ||     7
 Abil: Dig               |       |       |     1 |     2 |     3 |     2 ||     8
Evoke: Wand              |       |       |       |     3 |     6 |     3 ||    12
  Use: Scroll            |       |       |    10 |     9 |     7 |     1 ||    27
       Potion            |       |       |       |     1 |     6 |       ||     7
 Stab: Invisible         |       |       |       |     1 |       |       ||     1
       Paralysed         |       |       |       |     2 |     6 |     2 ||    10
Armor: Scale mail        |    26 |    37 |       |       |       |       ||    63
       Chain mail        |       |    14 |    82 |       |       |       ||    96
       Plate armour      |       |       |     6 |    92 |       |       ||    98
       Skin              |       |       |       |    30 |       |       ||    30
       Troll leather arm |       |       |       |   105 |    26 |       ||   131
       Crystal plate arm |       |       |       |       |   916 |   190 ||  1106
Dodge: Dodged            |    30 |    85 |    84 |   196 |   400 |    36 ||   831
Block: Buckler           |    43 |    86 |   130 |    45 |       |       ||   304
       Reflection        |       |     1 |     4 |    14 |       |       ||    19
       Kite shield       |       |       |       |   478 |   771 |       ||  1249
       Tower shield      |       |       |       |       |    22 |   305 ||   327

Table legend: (Time is in decaauts)
 A = Elapsed time spent in this place.
 B = Non-inter-level travel time spent in this place.
 C = Inter-level travel time spent in this place.
 D = Time resting spent in this place.
 E = Time spent auto-exploring this place.
 F = Levels seen in this place.
 G = Mean time per level.
                   A        B        C        D        E       F      G
               +--------+--------+--------+--------+--------+-----+--------+
         Total |  15320 |  13768 |   1552 |    167 |    143 |  25 |  612.8 |
       Dungeon |   7436 |   6685 |    751 |      0 |      0 |  11 |  676.0 |
        Temple |    217 |    196 |     21 |      0 |    143 |   1 |  217.0 |
          Lair |   3581 |   3191 |    390 |      0 |      0 |   6 |  596.8 |
   Spider Nest |   2472 |   2153 |    319 |    164 |      0 |   4 |  618.0 |
  Orcish Mines |   1066 |    997 |     69 |      3 |      0 |   2 |  533.0 |
      Ice Cave |    546 |    546 |      0 |      0 |      0 |   1 |  546.0 |
               +--------+--------+--------+--------+--------+-----+--------+

Top non-repeatable levels by time:
Spider:2: 1094 daAuts
  Lair:6: 951 daAuts
     D:6: 860 daAuts
     D:7: 858 daAuts
Spider:3: 842 daAuts
     D:8: 700 daAuts
     D:3: 684 daAuts
     D:9: 681 daAuts
     D:1: 679 daAuts
  Lair:4: 657 daAuts
   Orc:2: 635 daAuts
    D:11: 621 daAuts
     D:4: 612 daAuts
     D:2: 600 daAuts
    D:10: 591 daAuts
